[Event "GambitGuide"]
[Site "Internet Chess Club"]
[Date "2014.10.31"]
[Round "1"]
[White "JSBach"]
[Black "fearlab"]
[Result "1-0"]
[ICCResult "Black checkmated"]
[WhiteElo "1669"]
[BlackElo "1614"]
[Opening "Vienna: `Frankenstein-Dracula' variation"]
[ECO "C27"]
[NIC "VG.02"]
[Time "01:11:52"]
[TimeControl "120+12"]

1. e4 e5 2. Nc3 Nf6 3. Bc4 Nxe4 4. Qh5 Nd6 5. Bb3 Nc6 6. Nb5 g6 7. Qf3 f5 8.
Qd5 Qe7 9. Nxc7+ Kd8 10. Nxa8 b6 11. Ba4 Bb7 12. Nxb6 axb6 13. Qb3 Kc7 14.
Ne2 Nd4 15. Nxd4 exd4+ 16. Kf1 Qe4 17. f3 Qh4 18. Qb4 Bg7 19. Bb3 Re8 20. d3
f4 21. Bd2 Bxf3 22. gxf3 Qh3+ 23. Kf2 Nf5 24. Bxf4+ Kb7 25. Bd5+ Kc8 26.
Qc4+ Kd8 27. Qc7+ Ke7 28. Rhe1+ Kf8 29. Bd6+ Nxd6 30. Qxd6+ Re7 31. Qxe7#
{Black checkmated}
1-0

[Event "GambitGuide"]
[Site "Internet Chess Club"]
[Date "2014.10.31"]
[Round "1"]
[White "JSBach"]
[Black "fearlab"]
[Result "1/2-1/2"]
[ICCResult "Game drawn by repetition"]
[WhiteElo "1669"]
[BlackElo "1614"]
[Opening "Vienna: `Frankenstein-Dracula' variation"]
[ECO "C27"]
[NIC "VG.02"]
[Time "01:15:43"]
[TimeControl "120+12"]

1. e4 e5 2. Nc3 Nf6 3. Bc4 Nxe4 4. Qh5 Nd6 5. Bb3 Nc6 6. Nb5 g6 7. Qf3 f5 8.
Qd5 Qe7 9. Nxc7+ Kd8 10. Nxa8 b6 11. Ba4 Bb7 12. Nxb6 axb6 13. Qb3 Kc7 14.
Ne2 Nd4 15. Nxd4 exd4+ 16. Kf1 Qe4 17. f3 Qh4 18. Qb4 Bg7 19. a3 Re8 20. d3
f4 21. Bd2 Nf5 22. Re1 Ne3+ 23. Kg1 Qg5 24. Bxe3 fxe3 25. Kf1 Qf4 26. Qc4+
Kb8 27. Bxd7 Bxf3 28. Kg1 Qg5 29. Bh3 Bg4 30. Bxg4 Qxg4 31. Qf7 Rf8 32. Qxg7
Qf4 33. h3 Qf2+ 34. Kh2 Qf4+ 35. Kg1 Qf2+ 36. Kh2 Qf4+ 37. Kg1 Qf2+ 38. Kh2
Qf4+ 39. Kg1 {Game drawn by repetition} 1/2-1/2

[Event "GambitGuide"]
[Site "Internet Chess Club"]
[Date "2014.10.30"]
[Round "1"]
[White "JSBach"]
[Black "ram75"]
[Result "1-0"]
[ICCResult "Black resigns"]
[WhiteElo "1669"]
[BlackElo "1208"]
[Opening "Vienna: `Frankenstein-Dracula' variation"]
[ECO "C27"]
[NIC "VG.02"]
[Time "14:39:41"]
[TimeControl "120+12"]

1. e4 e5 2. Nc3 Nf6 3. Bc4 Nxe4 4. Qh5 Nd6 5. Bb3 Nc6 6. Nb5 g6 7. Qf3 f5 8.
Qd5 Qe7 9. Nxc7+ Kd8 10. Nxa8 b6 11. Ba4 Bb7 12. Nxb6 axb6 13. Qb3 Kc7 14.
Ne2 Qh4 15. O-O Na5 16. Qc3+ Kb8 17. Qxe5 Qg4 18. f3 {Black resigns} 1-0

[Event "GambitGuide"]
[Site "Internet Chess Club"]
[Date "2014.10.31"]
[Round "1"]
[White "JSBach"]
[Black "fearlab"]
[Result "1/2-1/2"]
[ICCResult "Game drawn by repetition"]
[WhiteElo "1669"]
[BlackElo "1614"]
[Opening "Vienna: `Frankenstein-Dracula' variation"]
[ECO "C27"]
[NIC "VG.02"]
[Time "01:19:19"]
[TimeControl "120+12"]

1. e4 e5 2. Nc3 Nf6 3. Bc4 Nxe4 4. Qh5 Nd6 5. Bb3 Nc6 6. Nb5 g6 7. Qf3 f5 8.
Qd5 Qe7 9. Nxc7+ Kd8 10. Nxa8 b6 11. Ba4 Bb7 12. Nxb6 axb6 13. Qb3 Kc7 14.
Ne2 Nd4 15. Nxd4 exd4+ 16. Kf1 Qe4 17. f3 Qh4 18. Qb4 Ne4 19. Qc4+ Nc5 20.
Bb5 Bd6 21. b4 Re8 22. Ba3 Bxf3 23. gxf3 Qh3+ 24. Kg1 Qxf3 25. bxc5 Qg4+ 26.
Kf2 Qf4+ 27. Kg1 Qg4+ 28. Kf2 Qf4+ 29. Kg1 Qg4+ 30. Kf2
{Game drawn by repetition}
1/2-1/2

[Event "GambitGuide"]
[Site "Internet Chess Club"]
[Date "2014.10.31"]
[Round "1"]
[White "JSBach"]
[Black "ram75"]
[Result "1-0"]
[ICCResult "Black resigns"]
[WhiteElo "1669"]
[BlackElo "1208"]
[Opening "Vienna: `Frankenstein-Dracula' variation"]
[ECO "C27"]
[NIC "VG.02"]
[Time "01:20:40"]
[TimeControl "120+12"]

1. e4 e5 2. Nc3 Nf6 3. Bc4 Nxe4 4. Qh5 Nd6 5. Bb3 Nc6 6. Nb5 g6 7. Qf3 f5 8.
Qd5 Qe7 9. Nxc7+ Kd8 10. Nxa8 b6 11. Ba4 Bb7 12. Nxb6 axb6 13. Qb3 Kc7 14.
Ne2 Na5 15. Qh3 e4 16. Qc3+ Kb8 17. Qxh8 {Black resigns} 1-0

[Event "GambitGuide"]
[Site "Internet Chess Club"]
[Date "2014.10.31"]
[Round "1"]
[White "JSBach"]
[Black "fearlab"]
[Result "0-1"]
[ICCResult "White checkmated"]
[WhiteElo "1669"]
[BlackElo "1614"]
[Opening "Vienna: `Frankenstein-Dracula' variation"]
[ECO "C27"]
[NIC "VG.02"]
[Time "01:21:15"]
[TimeControl "120+12"]

1. e4 e5 2. Nc3 Nf6 3. Bc4 Nxe4 4. Qh5 Nd6 5. Bb3 Nc6 6. Nb5 g6 7. Qf3 f5 8.
Qd5 Qe7 9. Nxc7+ Kd8 10. Nxa8 b6 11. Ba4 Bb7 12. Nxb6 axb6 13. Qb3 Kc7 14.
Ne2 Na5 15. Qg3 f4 16. Qg4 h5 17. Qh3 g5 18. Kd1 g4 19. Qc3+ Kb8 20. Qb4
Bxg2 21. Qxb6+ Nab7 22. Re1 Rh6 23. Nxf4 Bf3+ 24. Ne2 Ne4 25. Qe3 Rf6 26. d4
Bh6 27. dxe5 Bxe3 28. Bxe3 Qxe5 29. Kc1 Qxh2 30. Nd4 Nxf2 31. Nxf3 Rxf3 32.
Bxd7 g3 33. Bb6 Rf8 34. b3 g2 35. Bxf2 Rxf2 36. Kb2 Rf1 37. Rxf1 gxf1=Q 38.
Rxf1 Qe5+ 39. Kb1 Nd6 40. a4 Ne4 41. Rf5 Nc3+ 42. Ka1 Qd4 43. Rf8+ Kc7 44.
Be6 Nxa4+ 45. c3 Qxc3+ 46. Ka2 Qb2# {White checkmated} 0-1

[Event "GambitGuide"]
[Site "Internet Chess Club"]
[Date "2014.10.31"]
[Round "1"]
[White "JSBach"]
[Black "Ak926"]
[Result "1-0"]
[ICCResult "Black resigns"]
[WhiteElo "1669"]
[BlackElo "1308"]
[Opening "Vienna: `Frankenstein-Dracula' variation"]
[ECO "C27"]
[NIC "VG.02"]
[Time "01:21:36"]
[TimeControl "120+12"]

1. e4 e5 2. Nc3 Nf6 3. Bc4 Nxe4 4. Qh5 Nd6 5. Bb3 Nc6 6. Nb5 g6 7. Qf3 f5 8.
Qd5 Qe7 9. Nxc7+ Kd8 10. Nxa8 b6 11. Ba4 Bb7 12. Nxb6 axb6 13. Qb3 Nc8 14.
Nf3 Nd4 15. Nxd4 exd4+ 16. Kf1 Bg7 17. Bb5 Re8 18. Kg1 Qe1+ 19. Bf1 Re2 20.
Qg8+ Kc7 21. Qc4+ Kd8 22. Qxe2 Qxe2 23. Bxe2 {Black resigns} 1-0

[Event "GambitGuide"]
[Site "Internet Chess Club"]
[Date "2014.10.31"]
[Round "1"]
[White "JSBach"]
[Black "ram75"]
[Result "1-0"]
[ICCResult "Black resigns"]
[WhiteElo "1669"]
[BlackElo "1208"]
[Opening "Vienna: `Frankenstein-Dracula' variation"]
[ECO "C27"]
[NIC "VG.02"]
[Time "01:24:06"]
[TimeControl "120+12"]

1. e4 e5 2. Nc3 Nf6 3. Bc4 Nxe4 4. Qh5 Nd6 5. Bb3 Nc6 6. Nb5 g6 7. Qf3 f5 8.
Qd5 Qe7 9. Nxc7+ Kd8 10. Nxa8 b6 11. Ba4 Bb7 12. Nxb6 axb6 13. Qb3 Kc7 14.
Ne2 e4 15. Qd5 Bg7 16. Qb3 f4 17. Nxf4 g5 18. Nd5+ {Black resigns} 1-0

[Event "GambitGuide"]
[Site "Internet Chess Club"]
[Date "2014.10.31"]
[Round "1"]
[White "JSBach"]
[Black "ram75"]
[Result "1-0"]
[ICCResult "Black checkmated"]
[WhiteElo "1672"]
[BlackElo "1208"]
[Opening "Vienna: `Frankenstein-Dracula' variation"]
[ECO "C27"]
[NIC "VG.02"]
[Time "01:25:07"]
[TimeControl "120+12"]

1. e4 e5 2. Nc3 Nf6 3. Bc4 Nxe4 4. Qh5 Nd6 5. Bb3 Nc6 6. Nb5 g6 7. Qf3 f5 8.
Qd5 Qe7 9. Nxc7+ Kd8 10. Nxa8 b6 11. Ba4 Bb7 12. Nxb6 axb6 13. Qb3 Kc7 14.
Ne2 Bg7 15. O-O Ne4 16. Re1 Qh4 17. g3 Qh3 18. Qf7 Nxd2 19. Bxd2 Nb4 20.
Qxd7+ Kb8 21. f3 Bxf3 22. Nf4 exf4 23. Re8+ Rxe8 24. Qxe8+ Ka7 25. Qd7+ Ka6
26. Bb5+ Ka5 27. Bxb4+ Kxb4 28. a3+ Ka5 29. b4# {Black checkmated} 1-0

[Event "GambitGuide"]
[Site "Internet Chess Club"]
[Date "2014.10.31"]
[Round "1"]
[White "JSBach"]
[Black "hbell"]
[Result "1-0"]
[ICCResult "Black disconnected and forfeits"]
[WhiteElo "1672"]
[BlackElo "1605"]
[Opening "Vienna: `Frankenstein-Dracula' variation"]
[ECO "C27"]
[NIC "VG.02"]
[Time "01:28:31"]
[TimeControl "120+12"]

1. e4 e5 2. Nc3 Nf6 3. Bc4 Nxe4 4. Qh5 Nd6 5. Bb3 Nc6 6. Nb5 g6 7. Qf3 f5 8.
Qd5 Qe7 9. Nxc7+ Kd8 10. Nxa8 b6 11. Ba4 Bb7 12. Nxb6 axb6 13. Qb3 Kc7 14.
Ne2 Ne4 15. d3 Nc5 16. Qa3 Nxa4 17. Qxa4 Qb4+ 18. Nc3 Qxa4 19. Nxa4 Bb4+ 20.
c3 Be7 21. Be3 d5 22. Bxb6+ Kd7 23. Nc5+ Bxc5 24. Bxc5 Ra8 25. a4 Na5 26. b4
Nb3 27. Rb1 Nxc5 28. bxc5 Kc6 29. Rb6+ Kc7 30. Re6 Rxa4 31. O-O e4 32. Re7+
Kc6 33. dxe4 dxe4 34. Rb1 Bc8 35. Rxh7 Rc4 36. Rb8
{Black disconnected and forfeits}
1-0

[Event "GambitGuide"]
[Site "Internet Chess Club"]
[Date "2014.10.31"]
[Round "1"]
[White "JSBach"]
[Black "kingsac"]
[Result "1-0"]
[ICCResult "Black resigns"]
[WhiteElo "1672"]
[BlackElo "1964"]
[Opening "Vienna: `Frankenstein-Dracula' variation"]
[ECO "C27"]
[NIC "VG.02"]
[Time "01:32:42"]
[TimeControl "120+12"]

1. e4 e5 2. Nc3 Nf6 3. Bc4 Nxe4 4. Qh5 Nd6 5. Bb3 Nc6 6. Nb5 g6 7. Qf3 f5 8.
Qd5 Qe7 9. Nxc7+ Kd8 10. Nxa8 b6 11. Ba4 Bb7 12. Nxb6 axb6 13. Qb3 Nc8 14.
Ne2 Bg7 15. Bb5 Nd4 16. Nxd4 exd4+ 17. Kf1 Nd6 18. Be2 Kc7 19. Bd3 Be4 20.
Ba6 Qe6 21. Qa4 Qd5 22. f3 Bxf3 23. gxf3 Qxf3+ 24. Kg1 Ne4 25. Qc4+ Kb8 26.
Qe2 Ng5 27. Qxf3 Nxf3+ 28. Kg2 Ne5 29. Re1 d6 30. Bb5 Kc7 31. d3 Ng4 32.
Re7+ {Black resigns} 1-0

[Event "GambitGuide"]
[Site "Internet Chess Club"]
[Date "2014.10.31"]
[Round "1"]
[White "JSBach"]
[Black "splashlee2010"]
[Result "1-0"]
[ICCResult "Black resigns"]
[WhiteElo "1672"]
[BlackElo "1213"]
[Opening "Vienna: `Frankenstein-Dracula' variation"]
[ECO "C27"]
[NIC "VG.02"]
[Time "01:32:52"]
[TimeControl "120+12"]

1. e4 e5 2. Nc3 Nf6 3. Bc4 Nxe4 4. Qh5 Nd6 5. Bb3 Nc6 6. Nb5 g6 7. Qf3 f5 8.
Qd5 Qe7 9. Nxc7+ Kd8 10. Nxa8 b6 11. Ba4 Bb7 12. Nxb6 axb6 13. Qb3 Kc7 14.
Ne2 Ne4 15. Qb5 Qc5 16. O-O Qxb5 17. Bxb5 Bc5 18. d3 Nd6 19. Ba4 b5 20. Bb3
Na5 21. Be3 Bxe3 22. fxe3 Nxb3 23. axb3 Kb6 24. Kf2 e4 25. d4 b4 26. c3 bxc3
27. bxc3 Nb5 28. c4 Nd6 29. c5+ {Black resigns} 1-0

[Event "GambitGuide"]
[Site "Internet Chess Club"]
[Date "2014.10.31"]
[Round "1"]
[White "JSBach"]
[Black "kingsac"]
[Result "0-1"]
[ICCResult "White checkmated"]
[WhiteElo "1672"]
[BlackElo "1964"]
[Opening "Vienna: `Frankenstein-Dracula' variation"]
[ECO "C27"]
[NIC "VG.02"]
[Time "01:34:20"]
[TimeControl "120+12"]

1. e4 e5 2. Nc3 Nf6 3. Bc4 Nxe4 4. Qh5 Nd6 5. Bb3 Nc6 6. Nb5 g6 7. Qf3 f5 8.
Qd5 Qe7 9. Nxc7+ Kd8 10. Nxa8 b6 11. Ba4 Ba6 12. Bxc6 dxc6 13. Qb3 Qb7 14.
Qe6 Nf7 15. Nf3 Bg7 16. d3 Re8 17. Qb3 h6 18. Nh4 Nh8 19. Qa4 Kc8 20. g4 f4
21. Qa3 Bf8 22. Qa4 Kb8 23. Nxb6 axb6 24. Bd2 b5 25. Qe4 c5 26. Qxb7+ Bxb7
27. Rg1 Be7 28. Ng2 Nf7 29. b3 Ng5 30. Bc3 Nf3+ 31. Kd1 Nxg1 32. Bxe5+ Kc8
33. Nxf4 Nf3 34. Nxg6 Nxe5 35. Nxe5 Bg5 36. d4 cxd4 37. h4 Rxe5 38. hxg5
Rxg5 39. a4 b4 40. Ke2 Rxg4 41. Re1 Re4+ 42. Kd1 Rxe1+ 43. Kxe1 Kd7 44. f4
Kd6 45. Ke2 Kd5 46. Kf2 Bc8 47. Ke2 Bf5 48. Kd2 Ke4 49. Ke1 Kxf4 50. Kd1 Ke3
51. Kc1 Ke2 52. a5 Be4 53. a6 h5 54. a7 h4 55. Kb1 h3 56. Kc1 h2 57. Kb1
h1=Q+ 58. Kb2 Qd1 59. a8=R Bxa8 60. Ka2 Qxc2+ 61. Ka1 Qd2 62. Kb1 Kd3 63.
Ka1 Kc3 64. Kb1 Qb2# {White checkmated} 0-1

[Event "GambitGuide"]
[Site "Internet Chess Club"]
[Date "2014.10.31"]
[Round "1"]
[White "JSBach"]
[Black "nadalthegreat"]
[Result "1-0"]
[ICCResult "Black checkmated"]
[WhiteElo "1672"]
[BlackElo "1713"]
[Opening "Vienna: `Frankenstein-Dracula' variation"]
[ECO "C27"]
[NIC "VG.02"]
[Time "01:37:23"]
[TimeControl "120+12"]

1. e4 e5 2. Nc3 Nf6 3. Bc4 Nxe4 4. Qh5 Nd6 5. Bb3 Nc6 6. Nb5 g6 7. Qf3 f5 8.
Qd5 Qe7 9. Nxc7+ Kd8 10. Nxa8 b6 11. Ba4 Bb7 12. Nxb6 axb6 13. Qb3 Na5 14.
Qxb6+ Kc8 15. Qxa5 Bxg2 16. Bxd7+ Qxd7 17. Qc5+ Qc7 18. Qxe5 Bxh1 19. Qxh8
Qe7+ 20. Kf1 Kd7 21. d4 Bg7 22. Qxh7 Bxd4 23. Qxg6 Qe4 24. Ne2 Nc4 25. Qf7+
Kc6 26. Qxc4+ Kd7 27. Qxd4+ Ke6 28. Qxe4+ fxe4 29. c4 Kf5 30. Ng3+ Kg4 31.
h3+ Kxh3 32. Nxh1 Kh2 33. Ng3 Kh3 34. Nxe4 Kh2 35. a4 Kh3 36. f4 Kh2 37. Ra3
Kh1 38. Rh3# {Black checkmated} 1-0

[Event "GambitGuide"]
[Site "Internet Chess Club"]
[Date "2014.10.31"]
[Round "1"]
[White "JSBach"]
[Black "dbv"]
[Result "1-0"]
[ICCResult "Black resigns"]
[WhiteElo "1670"]
[BlackElo "2019"]
[Opening "Vienna: `Frankenstein-Dracula' variation"]
[ECO "C27"]
[NIC "VG.02"]
[Time "01:37:44"]
[TimeControl "120+12"]

1. e4 e5 2. Nc3 Nf6 3. Bc4 Nxe4 4. Qh5 Nd6 5. Bb3 Nc6 6. Nb5 g6 7. Qf3 f5 8.
Qd5 Qe7 9. Nxc7+ Kd8 10. Nxa8 b6 11. Ba4 Bb7 12. Nxb6 axb6 13. Qb3 Kc7 14.
Ne2 Bg7 15. Nc3 Na5 16. Nd5+ Bxd5 17. Qxd5 Qe6 18. Qxe6 dxe6 19. b4 Nac4 20.
g3 e4 21. Rb1 Ra8 22. Bb3 b5 23. Rf1 Bd4 24. Ke2 Ne5 25. c3 Bb6 26. Bxe6
Ndc4 27. Ra1 Re8 28. Bd5 Rd8 29. Bxc4 Nxc4 30. a4 bxa4 31. Rxa4 Kc6 32. f4
exf3+ 33. Rxf3 Re8+ 34. Kd1 Ne5 35. Rf1 Nd3 36. c4 Bd4 37. Ra6+ Kb7 38. b5
Rc8 39. Ra4 Kb6 40. Rf3 Ne5 41. Rf4 Bc5 42. d4 Rd8 43. Ra6+ Kb7 44. d5 Nd3
45. Rf3 Nxc1 46. Kxc1 Re8 47. Re6 Rxe6 48. dxe6 Kc7 49. Rd3 Bd6 50. b6+ Kc6
51. Rxd6+ Kxd6 52. b7 {Black resigns} 1-0

[Event "GambitGuide"]
[Site "Internet Chess Club"]
[Date "2014.10.31"]
[Round "1"]
[White "JSBach"]
[Black "nadalthegreat"]
[Result "1-0"]
[ICCResult "Black checkmated"]
[WhiteElo "1670"]
[BlackElo "1713"]
[Opening "Vienna: `Frankenstein-Dracula' variation"]
[ECO "C27"]
[NIC "VG.02"]
[Time "01:38:35"]
[TimeControl "120+12"]

1. e4 e5 2. Nc3 Nf6 3. Bc4 Nxe4 4. Qh5 Nd6 5. Bb3 Nc6 6. Nb5 g6 7. Qf3 f5 8.
Qd5 Qe7 9. Nxc7+ Kd8 10. Nxa8 b6 11. Ba4 Bb7 12. Nxb6 axb6 13. Qb3 Kc7 14.
Ne2 Na5 15. Qg3 Ne4 16. Qh3 Ng5 17. Qg3 h5 18. h4 Ne4 19. Qxg6 Bg7 20. Qxf5
Bf6 21. b4 Nc6 22. Qxe4 Nd4 23. Qg6 Bxh4 24. Nxd4 exd4+ 25. Kf1 Ba6+ 26. b5
Bb7 27. Qd3 Be4 28. Qc4+ Kb7 29. d3 Bg6 30. Qd5+ Kc7 31. Bf4+ Kc8 32. Qa8#
{Black checkmated}
1-0

[Event "GambitGuide"]
[Site "Internet Chess Club"]
[Date "2014.10.31"]
[Round "1"]
[White "JSBach"]
[Black "Valai"]
[Result "1-0"]
[ICCResult "Black resigns"]
[WhiteElo "1670"]
[BlackElo "2503"]
[Opening "Vienna: `Frankenstein-Dracula' variation"]
[ECO "C27"]
[NIC "VG.02"]
[Time "01:38:00"]
[TimeControl "120+12"]

1. e4 e5 2. Nc3 Nf6 3. Bc4 Nxe4 4. Qh5 Nd6 5. Bb3 Nc6 6. Nb5 g6 7. Qf3 f5 8.
Qd5 Qe7 9. Nxc7+ Kd8 10. Nxa8 b6 11. Ba4 Bb7 12. Nxb6 axb6 13. Qb3 Kc7 14.
Ne2 Bg7 15. O-O Ra8 16. Re1 Qe6 17. Qxe6 dxe6 18. Bb3 Kd7 19. c3 e4 20. Nf4
Nd8 21. h4 Be5 22. d4 Bxf4 23. Bxf4 Bd5 24. Bc2 Nc4 25. b3 Nd6 26. c4 Bb7
27. c5 bxc5 28. dxc5 Nb5 29. a4 Nd4 30. Red1 Nc6 31. Rab1 Ke7 32. Bd6+ Kf7
33. Rd2 Ba6 34. Rbd1 Nxc2 35. Rxc2 Bd3 36. Rcd2 Nd4 37. Rb2 h6 38. f3 Nc6
39. Kf2 g5 40. hxg5 hxg5 41. Rbd2 Kg6 42. Rc1 f4 43. Kg1 Ra7 44. Rcd1 Rb7
45. Rb2 Na5 46. b4 Nc4 47. Rb3 Nxd6 48. cxd6 Rd7 49. Rbxd3 exd3 50. Rxd3 e5
51. a5 Kf6 52. b5 Ke6 53. a6 Rd8 54. b6 Ra8 55. d7 Ke7 56. d8=Q+ Rxd8 57.
Rxd8 Kxd8 58. a7 Kc8 59. a8=Q+ {Black resigns} 1-0

[Event "GambitGuide"]
[Site "Internet Chess Club"]
[Date "2014.10.31"]
[Round "1"]
[White "JSBach"]
[Black "ram75"]
[Result "1-0"]
[ICCResult "Black resigns"]
[WhiteElo "1670"]
[BlackElo "1208"]
[Opening "Vienna: `Frankenstein-Dracula' variation"]
[ECO "C27"]
[NIC "VG.02"]
[Time "01:27:03"]
[TimeControl "120+12"]

1. e4 e5 2. Nc3 Nf6 3. Bc4 Nxe4 4. Qh5 Nd6 5. Bb3 Nc6 6. Nb5 g6 7. Qf3 f5 8.
Qd5 Qe7 9. Nxc7+ Kd8 10. Nxa8 b6 11. Ba4 Bb7 12. Nxb6 axb6 13. Qb3 Kc7 14.
Ne2 Bg7 15. O-O e4 16. Re1 Qg5 17. d4 exd3 18. Bxg5 {Black resigns} 1-0

[Event "GambitGuide"]
[Site "Internet Chess Club"]
[Date "2014.10.31"]
[Round "1"]
[White "JSBach"]
[Black "Valai"]
[Result "1-0"]
[ICCResult "Black resigns"]
[WhiteElo "1670"]
[BlackElo "2503"]
[Opening "Vienna: `Frankenstein-Dracula' variation"]
[ECO "C27"]
[NIC "VG.02"]
[Time "01:39:51"]
[TimeControl "120+12"]

1. e4 e5 2. Nc3 Nf6 3. Bc4 Nxe4 4. Qh5 Nd6 5. Bb3 Nc6 6. Nb5 g6 7. Qf3 f5 8.
Qd5 Qe7 9. Nxc7+ Kd8 10. Nxa8 b6 11. Ba4 Bb7 12. Nxb6 axb6 13. Qb3 Kc7 14.
Ne2 Bg7 15. Nc3 Nd4 16. Nd5+ Bxd5 17. Qxd5 b5 18. Bb3 e4 19. Qc5+ Kb7 20.
Bd5+ Ka6 21. a4 b4 22. Bc4+ Nxc4 23. Qxe7 {Black resigns} 1-0

[Event "GambitGuide"]
[Site "Internet Chess Club"]
[Date "2014.10.31"]
[Round "1"]
[White "JSBach"]
[Black "MrJoker"]
[Result "1-0"]
[ICCResult "Black resigns"]
[WhiteElo "1670"]
[BlackElo "1578"]
[Opening "Vienna: `Frankenstein-Dracula' variation"]
[ECO "C27"]
[NIC "VG.02"]
[Time "01:38:40"]
[TimeControl "120+12"]

1. e4 e5 2. Nc3 Nf6 3. Bc4 Nxe4 4. Qh5 Nd6 5. Bb3 Nc6 6. Nb5 g6 7. Qf3 f5 8.
Qd5 Qe7 9. Nxc7+ Kd8 10. Nxa8 b6 11. Ba4 Bb7 12. Nxb6 axb6 13. Qb3 Kc7 14.
Nf3 Bg7 15. O-O e4 16. Re1 Qf6 17. Kf1 exf3 18. Qxf3 Ne4 19. d3 Nd4 20. Qf4+
Nd6 21. c3 Ne6 22. Qb4 Qh4 23. Qxh4 {Black resigns} 1-0

[Event "GambitGuide"]
[Site "Internet Chess Club"]
[Date "2014.10.31"]
[Round "1"]
[White "JSBach"]
[Black "nadalthegreat"]
[Result "1-0"]
[ICCResult "Black resigns"]
[WhiteElo "1670"]
[BlackElo "1713"]
[Opening "Vienna: `Frankenstein-Dracula' variation"]
[ECO "C27"]
[NIC "VG.02"]
[Time "01:39:36"]
[TimeControl "120+12"]

1. e4 e5 2. Nc3 Nf6 3. Bc4 Nxe4 4. Qh5 Nd6 5. Bb3 Nc6 6. Nb5 g6 7. Qf3 f5 8.
Qd5 Qe7 9. Nxc7+ Kd8 10. Nxa8 b6 11. Ba4 Bb7 12. Nxb6 axb6 13. Qb3 Nd4 14.
Qxb6+ Kc8 15. Kf1 Nc4 16. Qa7 Qd6 17. d3 Nb6 18. Bb3 Nxb3 19. axb3 Qc7 20.
Bg5 Bc5 21. Be3 Bxe3 22. fxe3 f4 23. exf4 exf4 24. b4 Na8 25. Qxa8+ Bxa8 26.
Rxa8+ Kb7 27. Rxh8 Qxc2 28. Rxh7 Qc1+ 29. Ke2 Qc2+ 30. Kf3 Qxd3+ 31. Kf2 g5
32. Re7 g4 33. Ne2 f3 34. gxf3 gxf3 35. Re3 Qd4 36. Nxd4 {Black resigns} 1-0

[Event "GambitGuide"]
[Site "Internet Chess Club"]
[Date "2014.10.31"]
[Round "1"]
[White "JSBach"]
[Black "dbv"]
[Result "1-0"]
[ICCResult "Black resigns"]
[WhiteElo "1670"]
[BlackElo "2019"]
[Opening "Vienna: `Frankenstein-Dracula' variation"]
[ECO "C27"]
[NIC "VG.02"]
[Time "01:39:32"]
[TimeControl "120+12"]

1. e4 e5 2. Nc3 Nf6 3. Bc4 Nxe4 4. Qh5 Nd6 5. Bb3 Nc6 6. Nb5 g6 7. Qf3 f5 8.
Qd5 Qe7 9. Nxc7+ Kd8 10. Nxa8 b6 11. Ba4 Bb7 12. Nxb6 axb6 13. Qb3 Nc8 14.
Ne2 Qb4 15. Qf7 Be7 16. Bb3 Nd4 17. c3 Nxb3 18. cxb4 Nxa1 19. Qg7 Re8 20.
O-O Nc2 21. a3 Nd6 22. Qxe5 Nc4 23. Qc3 {Black resigns} 1-0

[Event "GambitGuide"]
[Site "Internet Chess Club"]
[Date "2014.10.31"]
[Round "1"]
[White "JSBach"]
[Black "dbv"]
[Result "1-0"]
[ICCResult "Black resigns"]
[WhiteElo "1670"]
[BlackElo "2019"]
[Opening "Vienna: `Frankenstein-Dracula' variation"]
[ECO "C27"]
[NIC "VG.02"]
[Time "01:41:10"]
[TimeControl "120+12"]

1. e4 e5 2. Nc3 Nf6 3. Bc4 Nxe4 4. Qh5 Nd6 5. Bb3 Nc6 6. Nb5 g6 7. Qf3 f5 8.
Qd5 Qe7 9. Nxc7+ Kd8 10. Nxa8 b6 11. Ba4 Bg7 12. Bxc6 dxc6 13. Qb3 b5 14.
Qc3 Bb7 15. Qa5+ Kc8 16. Qxa7 Bxa8 17. Qxe7 {Black resigns} 1-0

[Event "GambitGuide"]
[Site "Internet Chess Club"]
[Date "2014.10.31"]
[Round "1"]
[White "JSBach"]
[Black "Valai"]
[Result "1-0"]
[ICCResult "Black resigns"]
[WhiteElo "1670"]
[BlackElo "2503"]
[Opening "Vienna: `Frankenstein-Dracula' variation"]
[ECO "C27"]
[NIC "VG.02"]
[Time "01:40:37"]
[TimeControl "120+12"]

1. e4 e5 2. Nc3 Nf6 3. Bc4 Nxe4 4. Qh5 Nd6 5. Bb3 Nc6 6. Nb5 g6 7. Qf3 f5 8.
Qd5 Qe7 9. Nxc7+ Kd8 10. Nxa8 b6 11. Ba4 Bb7 12. Nxb6 axb6 13. Qb3 Nc8 14.
Nf3 Bg7 15. O-O e4 16. Re1 Kc7 17. d3 Na5 18. Qb5 Bc6 19. Qa6 Bxa4 20. Bf4+
d6 21. c3 Bc6 22. dxe4 fxe4 23. Be3 Bb7 24. Bxb6+ Nxb6 25. Qxa5 Ra8 26. Qb4
Qf6 27. Nd4 Ra4 28. Qb3 Bd5 29. Qb5 Bc4 30. Qc6+ Kd8 31. Rxe4 Nd7 32. Rae1
Bf7 33. Qxa4 {Black resigns} 1-0

[Event "GambitGuide"]
[Site "Internet Chess Club"]
[Date "2014.10.31"]
[Round "1"]
[White "JSBach"]
[Black "nadalthegreat"]
[Result "1-0"]
[ICCResult "Black checkmated"]
[WhiteElo "1651"]
[BlackElo "1713"]
[Opening "Vienna: `Frankenstein-Dracula' variation"]
[ECO "C27"]
[NIC "VG.02"]
[Time "01:41:16"]
[TimeControl "120+12"]

1. e4 e5 2. Nc3 Nf6 3. Bc4 Nxe4 4. Qh5 Nd6 5. Bb3 Nc6 6. Nb5 g6 7. Qf3 f5 8.
Qd5 Qe7 9. Nxc7+ Kd8 10. Nxa8 b6 11. Ba4 Bb7 12. Nxb6 axb6 13. Qb3 b5 14.
Nf3 Nd4 15. Nxd4 exd4+ 16. Kf1 bxa4 17. Qxa4 Qe4 18. f3 Qc6 19. Qxd4 Rg8 20.
Qh4+ Kc8 21. Qxh7 Rg7 22. Qh8 Rf7 23. Qc3 Nc4 24. d3 Nd6 25. Qxc6+ Bxc6 26.
Kf2 Nb5 27. Be3 Nd6 28. b4 Nb7 29. a3 Nd6 30. Rhe1 Nb5 31. Bf4 d6 32. a4 Na7
33. b5 Bb7 34. Be3 Kb8 35. Bd4 Nc8 36. a5 Ne7 37. a6 Ba8 38. b6 Nc6 39. Re8+
Nd8 40. Rxd8# {Black checkmated} 1-0

[Event "GambitGuide"]
[Site "Internet Chess Club"]
[Date "2014.10.31"]
[Round "1"]
[White "JSBach"]
[Black "dbv"]
[Result "1-0"]
[ICCResult "Black resigns"]
[WhiteElo "1651"]
[BlackElo "2019"]
[Opening "Vienna: `Frankenstein-Dracula' variation"]
[ECO "C27"]
[NIC "VG.02"]
[Time "01:41:38"]
[TimeControl "120+12"]

1. e4 e5 2. Nc3 Nf6 3. Bc4 Nxe4 4. Qh5 Nd6 5. Bb3 Nc6 6. Nb5 g6 7. Qf3 f5 8.
Qd5 Qe7 9. Nxc7+ Kd8 10. Nxa8 b6 11. Ba4 Bb7 12. Nxb6 axb6 13. Qb3 Kc7 14.
Ne2 Ne4 15. Qb5 Qc5 16. O-O Qxb5 17. Bxb5 Bc5 18. c3 Nd6 19. Bxc6 dxc6 20.
b4 Ba6 21. bxc5 Bxe2 22. Re1 Bd3 23. cxd6+ Kxd6 24. Bb2 {Black resigns} 1-0

[Event "GambitGuide"]
[Site "Internet Chess Club"]
[Date "2014.10.31"]
[Round "1"]
[White "JSBach"]
[Black "Valai"]
[Result "1-0"]
[ICCResult "Black resigns"]
[WhiteElo "1651"]
[BlackElo "2503"]
[Opening "Vienna: `Frankenstein-Dracula' variation"]
[ECO "C27"]
[NIC "VG.02"]
[Time "01:42:13"]
[TimeControl "120+12"]

1. e4 e5 2. Nc3 Nf6 3. Bc4 Nxe4 4. Qh5 Nd6 5. Bb3 Nc6 6. Nb5 g6 7. Qf3 f5 8.
Qd5 Qe7 9. Nxc7+ Kd8 10. Nxa8 b6 11. Ba4 Bb7 12. Nxb6 axb6 13. Qb3 Nc8 14.
Ne2 Bg7 15. Bb5 Kc7 16. a3 e4 17. Qa4 Nd6 18. d3 Ra8 19. Qb3 Na5 20. Qb4 Nc6
21. Bxc6 Bxc6 22. Be3 b5 23. d4 Nc4 24. Qxe7 {Black resigns} 1-0

[Event "GambitGuide"]
[Site "Internet Chess Club"]
[Date "2014.10.31"]
[Round "1"]
[White "JSBach"]
[Black "dbv"]
[Result "1-0"]
[ICCResult "Black resigns"]
[WhiteElo "1651"]
[BlackElo "2019"]
[Opening "Vienna: `Frankenstein-Dracula' variation"]
[ECO "C27"]
[NIC "VG.02"]
[Time "01:42:24"]
[TimeControl "120+12"]

1. e4 e5 2. Nc3 Nf6 3. Bc4 Nxe4 4. Qh5 Nd6 5. Bb3 Nc6 6. Nb5 g6 7. Qf3 f5 8.
Qd5 Qe7 9. Nxc7+ Kd8 10. Nxa8 b6 11. Ba4 Nb4 12. Qb3 Ne4 13. a3 Qc5 14. d4
Qxd4 15. Be3 Qd5 16. axb4 Qxa8 17. Bb5 Be7 18. Bxb6+ {Black resigns} 1-0